 Dungeon Crawl Stone Soup version 0.29.1-2-gbd0b4ee654 (webtiles) character file.

Game seed: 9815969870701481539

344 safid the Shooter (level 6, -2/54 (57) HPs)
             Began as a Minotaur Hunter on Oct 25, 2022.
             Slain by a hell rat (17 damage)
             ... in a sewer.
             The game lasted 00:04:27 (3782 turns).

safid the Shooter (Minotaur Hunter)                 Turns: 3782, Time: 00:04:28

HP:   -2/54 (57)    AC:  4    Str: 16    XL:     6   Next: 31%
MP:   14/14         EV: 12    Int:  6    God:
Gold: 170           SH:  0    Dex: 19    Spells: 5/5 levels left

rFire   + + +      SeeInvis .   r - +0 arbalest
rCold   x . .      Faith    .   (shield currently unavailable)
rNeg    + . .      Spirit   .   c - +0 leather armour
rPois   .          Reflect  .   (helmet restricted)
rElec   .          Harm     .   (no cloak)
rCorr   .          Rampage  .   (no gloves)
Will    .....                   t - +0 pair of boots
Stlth   +.........              (no amulet)
HPRegen 0.18/turn               h - ring of the Harvest {+Blink rF+++ rC- MP+9 Dex+4}
MPRegen 0.14/turn               p - ring of positive energy

@: drained, very slow
A: horns 2, retaliatory headbutt
a: Evoke Blink


You were in a sewer.
You visited 1 branch of the dungeon, and saw 5 of its levels.
You also visited: Sewer.

You collected 170 gold pieces.

Inventory:

Hand Weapons
 r - a +0 arbalest (weapon)
Missiles
 q - 3 javelins
Armour
 c - a +0 leather armour (worn)
 t - a +0 pair of boots (worn)
Jewellery
 h - the ring of the Harvest (left hand) {+Blink rF+++ rC- MP+9 Dex+4}
   (You found it on level 2 of the Dungeon)

   [ring of magical power]

   Dex:       It affects your dexterity (+4).
   rF:        It renders you almost immune to fire.
   rC:        It makes you vulnerable to cold.
   MP:        It affects your magic capacity (+9).
   +Blink:    It lets you blink.
 p - a ring of positive energy (right hand)
Scrolls
 a - a scroll of blinking {unknown}
 b - a scroll of amnesia {unknown}
 d - 3 scrolls of teleportation {unknown}
 f - 3 scrolls of torment {unknown}
 i - 4 scrolls of fear {unknown}
 j - a scroll of brand weapon {unknown}
 k - 2 scrolls of identify {unknown}
 m - a scroll of enchant weapon {unknown}
Potions
 e - a potion of invisibility {unknown}
 g - 4 potions of heal wounds {unknown}
 l - a potion of degeneration {unknown}
 n - a potion of lignification {unknown}
 o - a potion of curing {unknown}
 s - 2 potions of haste {unknown}
 u - 3 potions of brilliance {unknown}


   Skills:
 + Level 6.0 Fighting
 + Level 6.7 Ranged Weapons
 - Level 2.1 Dodging
 - Level 0.7 Stealth


You had 5 spell levels left.
You didn't know any spells.
Your spell library contained the following spells:

 Spells                   Type           Power      Damage    Failure   Level
 Ensorcelled Hibernation  Hex/Ice        0%         N/A       67%         2
 Passwall                 Tmut/Erth      0%         N/A       67%         2
 Swiftness                Air            0%         N/A       88%         3


Dungeon Overview and Level Annotations

Branches:
Dungeon (5/15)              Sewer (1/1)
 Temple: D:4-7

Altars:

Shops:
D:4 [


Innate Abilities, Weirdness & Mutations

You have a pair of horns on your head.
You reflexively headbutt those who attack you in melee.


Message History

The hell rat moves out of view.
Found four items.
Found a gate leading back out of this place.
You enter the shallow water.
Moving in this stuff is going to be slow.
Found three items.
You shoot a bolt. The bolt barely misses the hell rat.
You shoot a bolt. The bolt closely misses the hell rat.
The hell rat misses you. The hell rat closely misses you.
You shoot a bolt. The bolt hits the hell rat.
The hell rat is lightly wounded.
The hell rat misses you. The hell rat bites you! You partially resist.
You feel drained.
You shoot a bolt. The bolt hits the hell rat.
The hell rat is heavily wounded.
The hell rat barely misses you. x2
You shoot a bolt. The bolt hits the hell rat.
The hell rat is severely wounded.
The hell rat bites you. You partially resist.
You feel drained.
The hell rat bites you but does no damage.
You shoot a bolt. The bolt closely misses the hell rat.
The hell rat twitches its whiskers.
The hell rat misses you.
The hell rat bites you but does no damage.
You shoot a bolt. The bolt barely misses the hell rat.
The hell rat barely misses you.
You shoot a bolt. The bolt closely misses the hell rat.
The hell rat bites you! x2
You partially resist.
You feel drained.
You are too injured to fight recklessly!
You are too injured to fight recklessly!
You are too injured to fight recklessly!
Fire: r) +0 arbalest
Press: ? - help, Q - select action, (/) - cycle Shift-Dir - straight line, f/p - hell rat
Aim: a hell rat (severely wounded, 63% to hit)
You shoot a bolt.
The bolt completely misses the hell rat.
The hell rat bites you!
* * * LOW HITPOINT WARNING * * *
The hell rat bites you!
You die...

..~..~. #~†.
~~## #~~~#
~~~# ##.~##.
.†## #~.†#~~~
...#
#.~##[.~##~~#
#.~#[!~~~#..#
#∩∩#∩?~~~r@.#
#†~#!!~~.#..#
#..##?~~##.~#
#...#~~ #~~~#
##~~## ##..##
#~.~###~~~#
##~~~~...##
#...~~..#
###..~###


You could see a hell rat.

Vanquished Creatures
  2 orc priests (D:3)
  Ijyb (D:5)
  2 orc wizards
  A gnoll (D:1)
  3 adders
  4 river rats (Sewer)
  A shadow imp (D:4)
  3 worms
  A dart slug (D:2)
  18 orcs
  7 endoplasms
  5 giant cockroaches
  4 goblins
  4 hobgoblins
  10 jackals
  8 kobolds
  5 quokkas
  4 ball pythons
  6 bats
  3 frilled lizards
  11 rats
103 creatures vanquished.

Notes
Turn   | Place    | Note
-------+----------+-------------------------------------------
     0 | D:1      | safid the Minotaur Hunter began the quest for the Orb.
     0 | D:1      | Reached XP level 1. HP: 18/18 MP: 0/0
   435 | D:1      | Reached XP level 2. HP: 25/25 MP: 1/1
   993 | D:2      | Identified the ring of the Harvest {+Blink rF+++ rC- MP+9
                  | Dex+4}
  1045 | D:2      | Reached skill level 5 in Ranged Weapons
  1045 | D:2      | Reached XP level 3. HP: 26/31 MP: 2/2
  1374 | D:2      | Found a faded altar of an unknown god.
  1387 | D:2      | Reached XP level 4. HP: 40/40 MP: 3/3
  2196 | D:3      | Reached XP level 5. HP: 47/47 MP: 4/4
  2200 | D:3      | Reached skill level 5 in Fighting
  2730 | D:4      | Found Nowk's Antique Armour Shoppe.
  3610 | D:4      | Reached XP level 6. HP: 56/56 MP: 5/5
  3669 | D:5      | Entered Level 5 of the Dungeon
  3669 | D:5      | Noticed Ijyb
  3685 | D:5      | Killed Ijyb
  3704 | D:5      | Found a glowing drain.
  3716 | Sewer    | Entered a sewer
  3782 | Sewer    | Slain by a hell rat

Illustrated notes

Levels and vault maps discovered:
D:1:      kilobyte_arrival_exit_the_forest, layout_loops_cross
D:2:      layout_basic, hellmonk_ecumenical_altar_inner_sanctum
D:3:      layout_basic
D:4:      layout_gridville, serial_shops, nicolae_shop_trees,
          serial_co_window_serial, co_window_cross_1, co_window_paths_b,
          co_window_paths_b, co_window_paths_a, co_window_of_opportunity_a,
          co_window_of_opportunity_b, co_window_corner_b, co_window_broadway_b,
          glass_columns_a, glass_columns_b, glass_columns_b, glass_columns_a,
          minmay_crystal_water
D:5:      layout_loops_cross, mainiacjoe_overflow_concentric_impassable,
          minmay_temple_entry_statues_pillars, gup_sewer_entry_pipe,
          uniq_edmund, uniq_pikel, uniq_ijyb
Sewer:    sewer_hellmonk_bad_rat

Skill      XL: |  1  2  3  4  5  6 |
---------------+-------------------+-----
Fighting       | 3 4 5 6 |  6.0
Ranged Weapons | 5 6 |  6.7
Dodging        | |  2.1
Stealth        | |  0.7

Action                   |  1- 3 |  4- 6 || total
-------------------------+-------+-------++-------
 Fire: Shortbow          |    86 |    46 ||   132
       Arbalest          |       |   117 ||   117
Armor: Leather armour    |     7 |    12 ||    19
Dodge: Dodged            |    18 |    34 ||    52
